 Dungeon Crawl Stone Soup version bcrawl-1.34.5 (webtiles) character file.

Game seed: 11611258522969178319

226164 Galewind the Destroyer (level 10, -5/52 HPs)
             Began as an Avariel Conjurer on Nov 28, 2021.
             Was an Initiate of Vehumet.
             Slain by Erica
             ... wielding a +1 scimitar of flaming
              (9 damage)
             ... on level 1 of the Lair of Beasts.
             The game lasted 00:10:10 (10615 turns).

Galewind the Destroyer (Avariel Conjurer)          Turns: 10615, Time: 00:10:11

Health: -5/52      AC:  2    Str: 12    XL:     10   Next: 32%
Magic:  19/28      EV: 16    Int: 24    God:    Vehumet [......]
Gold:   446        SH:  0    Dex: 19    Spells: 27/33 levels left

rFire    . . .     SeeInvis .     - Fists (3.2)
rCold    . . .     Gourm    .   (no shield)
rNeg     . . .     Faith    +   a - +0 robe
rPois    .         Spirit   .   (no helmet)
rElec    .         Reflect  .   (no cloak)
rCorr    .         Harm     .   (no gloves)
MR       +....                  (no boots)
Stlth    ++........             d - amulet of faith
HPRegen  0.17/turn              p - +5 ring of strength
MPRegen  0.21/turn              G - +6 ring of dexterity

@: flying quickly and evasively, quick
A: able to fly
a: Stop Flying, Renounce Religion


You were on level 1 of the Lair of Beasts.
You worshipped Vehumet.
Vehumet was noncommittal.
You were hungry.

You visited 3 branches of the dungeon, and saw 10 of its levels.
You also visited: Ossuary.

You collected 750 gold pieces.
You spent 304 gold pieces at shops.

Inventory:

Armour
 a - a +0 robe (worn)
 B - a +2 pair of boots
Jewellery
 d - an amulet of faith (around neck)
 i - an uncursed ring of poison resistance
 p - a +5 ring of strength (left hand)
 A - an uncursed ring of wizardry
 G - a +6 ring of dexterity (right hand)
Wands
 x - a wand of acid (8)
 y - a wand of iceblast (8)
 z - a wand of digging (1)
 F - a wand of paralysis (6)
Scrolls
 f - 3 scrolls of magic mapping
 g - 4 scrolls of amnesia
 j - 8 scrolls of teleportation
 k - 2 scrolls of immolation {unknown}
 n - 7 scrolls of enchant armour {unknown}
 o - 2 scrolls of fear
 t - 8 scrolls of remove curse
 u - 3 scrolls of enchant weapon {unknown}
 E - 2 scrolls of fog {unknown}
 I - 2 scrolls of blinking {unknown}
 J - a scroll of vulnerability {unknown}
Potions
 b - 3 potions of invisibility
 c - a potion of magic
 h - 4 potions of mutation
 l - 8 potions of curing
 m - 2 potions of degeneration
 q - a potion of ambrosia
 s - 2 potions of brilliance {unknown}
 v - 3 potions of lignification {unknown}
 w - 2 potions of berserk rage {unknown}
 C - a potion of resistance {unknown}
 D - 2 potions of heal wounds {unknown}
 H - a potion of haste {unknown}
Comestibles
 e - 7 rations {!d}


   Skills:
 + Level 1.3 Fighting
 + Level 3.1 Dodging
 - Level 2.1 Stealth
 + Level 12.2 Spellcasting
 + Level 13.6 Conjurations


You had 27 spell levels left.
You knew the following spells:

 Your Spells              Type           Power        Failure   Level  Hunger
a - Magic Dart            Conj           ####         0%          1    None
b - Searing Ray           Conj           ######..     1%          2    None
c - Iskenderun's Mystic   Conj           ######..     1%          3    None

Your spell library contained the following spells:

 Spells                   Type           Power        Failure   Level  Hunger
 Conjure Flame            Conj/Fire      #####...     1%          3    None
 Dazzling Orbs            Conj/Hex       #####..      1%          3    None
 Mephitic Cloud           Conj/Pois/Air  #####...     1%          3    None
 Fulminant Prism          Conj/Hex       #####.....   2%          4    None
 Corona                   Hex            ##.....      4%          1    None
 Blink                    Tloc           N/A          6%          2    None
 Call Imp                 Summ           ##....       6%          2    None
 Ensorcelled Hibernation  Hex/Ice        ##....       6%          2    None
 Irradiate                Conj/Tmut      #####.....   7%          5    ##.....
 Confuse                  Hex            ##......     13%         3    None
 Spider Form              Tmut/Pois      ##.          13%         3    None
 Tukima's Dance           Hex            ##......     13%         3    None
 Cause Fear               Hex            ##........   38%         4    None


Dungeon Overview and Level Annotations

Branches:
Dungeon (8/12)             Temple (1/1) D:5            Lair (1/6) D:8
    Orc (0/1) D:8

Altars:
Ashenzari
Cheibriados
Dithmenos
Elyvilon
Fedhas
Gozag
Hepliaklqana
Kikubaaqudgha
Lugonu
Makhleb
Nemelex Xobeh
Okawaru
Qazlal
Ru
Sif Muna
Trog
Vehumet
Wu Jian
Xom
Yredelemnul
Zin
The Shining One

Shops:
D:4 }}*=   D:6 *   D:7 }

Annotations:
D:2 1 runed door
D:6 exclusion: oklob plant
Lair:1 Erica


Innate Abilities, Weirdness & Mutations

You can fly continuously.


Message History

Erica flickers and vanishes!
Deactivating autopickup; reactivate with Ctrl-A.
The blink frog blinks!
You turn to flesh and can move again.
Unknown command.
Unknown command. 2 blink frogs come into view.
The black bear closely misses you. x2; The black bear claws you.
A blink frog comes into view.
The blink frog blinks!
The blink frog moves out of view. x2
There is a staircase back to the Dungeon here.
Unknown command.
The blink frog gives a loud, deep croak!
The black bear bites you!
* * * LOW HITPOINT WARNING * * *
The black bear barely misses you. The black bear claws you.
* * * LOW HITPOINT WARNING * * *
The basilisk gazes at you.
You easily resist.
The blink frog barely misses you. Something hits you!
You die...

.....F.......
......>.F..
.......†.
...F... ....§ .
.§. .§ ###.##F#
#.hl.F.#..
#.@........
........F.......
.....#......#...
.... .+#.###....
... .. ... ....
.. ... .... ...
. ... .... ..
.... ....


You could see a basilisk, 5 blink frogs and a black bear.

Vanquished Creatures
  An ugly thing (D:8)
  An elephant (D:8)
  A centaur zombie (D:8)
  A dryad (D:8)
  A basilisk (Lair:1)
  A hungry ghost (D:5)
  A steam dragon (D:6)
  Menkaure (Ossuary)
  2 orc warriors
  Duvessa (D:6)
  A sky beast (D:6)
  An ice beast (D:6)
  A black bear (D:7)
  A phantom (D:8)
  An ogre (D:4)
  2 centaurs
  2 bullfrogs (D:8)
  A big kobold (D:8)
  Dowan (D:6)
  A statue (D:8)
  8 orc priests
  2 crimson imps (D:5)
  5 hounds
  A centaur skeleton (D:7)
  4 bullfrog skeletons
  Jessica (D:2)
  2 worker ants (D:4)
  An iguana (D:6)
  4 orc wizards
  2 hound zombies
  3 mummies (Ossuary)
  10 adders
  5 gnolls
  A shadow imp (D:7)
  An adder skeleton (D:7)
  An adder zombie (D:3)
  5 worms
  3 dart slugs
  4 leopard geckos
  45 orcs
  8 bats
  A gnoll zombie (Ossuary)
  4 goblins
  10 hobgoblins
  5 jackals
  6 kobolds
  3 quokkas
  A ball python (D:1)
  10 frilled lizards
  4 gnoll skeletons (Ossuary)
  2 goblin skeletons (Ossuary)
  6 goblin zombies (Ossuary)
  9 hobgoblin skeletons (Ossuary)
  6 hobgoblin zombies (Ossuary)
  4 kobold skeletons (Ossuary)
  3 kobold zombies (Ossuary)
  2 orc skeletons (Ossuary)
  3 orc zombies (Ossuary)
  4 rats (D:2)
  4 rat skeletons (Ossuary)
  6 rat zombies (Ossuary)
232 creatures vanquished.

Vanquished Creatures (others)
  A fungus (D:6)
1 creature vanquished.

Grand Total: 233 creatures vanquished

Notes
Turn   | Place    | Note
-------+----------+-------------------------------------------
     0 | D:1      | Galewind the Avariel Conjurer began the quest for the Orb.
     0 | D:1      | Reached XP level 1. HP: 10/10 MP: 6/6
   188 | D:1      | Reached XP level 2. HP: 15/15 MP: 1/7
   537 | D:1      | Found a shattered altar of Ashenzari.
   556 | D:1      | Reached skill level 6 in Conjurations
   754 | D:1      | Reached XP level 3. HP: 19/19 MP: 2/9
  1242 | D:1      | Learned a level 2 spell: Searing Ray
  1246 | D:1      | Learned a level 3 spell: Iskenderun's Mystic Blast
  2033 | D:2      | Found a stormy altar of Qazlal.
  2046 | D:2      | Found a basalt altar of Yredelemnul.
  2050 | D:2      | Found a corrupted altar of Lugonu.
  2293 | D:2      | Noticed Jessica
  2303 | D:2      | Killed Jessica
  2304 | D:2      | Reached XP level 4. HP: 24/24 MP: 3/11
  2616 | D:2      | Found a white marble altar of Elyvilon.
  2809 | D:2      | Found a runed door.
  2867 | D:3      | Reached skill level 7 in Conjurations
  3076 | D:3      | Reached XP level 5. HP: 28/28 MP: 10/13
  3287 | D:3      | Found an ancient bone altar of Kikubaaqudgha.
  3774 | D:4      | Found Forip's Gadget Shoppe.
  3784 | D:4      | Bought a wand of acid (8) for 234 gold pieces
  3890 | D:4      | Noticed an ogre
  3899 | D:4      | Killed an ogre
  3900 | D:4      | Reached skill level 5 in Spellcasting
  3900 | D:4      | Reached XP level 6. HP: 33/33 MP: 1/15
  3968 | D:4      | Found Boebid's General Store.
  3978 | D:4      | Bought 2 potions of curing for 70 gold pieces
  4034 | D:4      | Found Ofilio's Jewellery Emporium.
  4153 | D:4      | Found a burning altar of Makhleb.
  4158 | D:4      | Reached skill level 8 in Conjurations
  4210 | D:4      | Found Purr's Gadget Shoppe.
  4225 | D:4      | Found an opulent altar of Gozag.
  4228 | D:4      | Found a glowing silver altar of Zin.
  4439 | D:5      | Entered Level 5 of the Dungeon
  4439 | D:5      | Found a staircase to the Ecumenical Temple.
  4475 | Temple   | Entered the Ecumenical Temple
  4894 | D:5      | Reached XP level 7. HP: 37/37 MP: 7/17
  5198 | D:5      | Found an iron altar of Okawaru.
  5541 | D:5      | Reached skill level 9 in Conjurations
  5885 | D:5      | Noticed a hungry ghost
  5890 | D:5      | Killed a hungry ghost
  6218 | D:6      | Noticed Duvessa
  6223 | D:6      | Reached XP level 8. HP: 42/42 MP: 6/21
  6224 | D:6      | Killed Duvessa
  6306 | D:6      | Noticed Dowan
  6310 | D:6      | Killed Dowan
  6633 | D:6      | Reached skill level 1 in Fighting
  6644 | D:6      | Reached skill level 10 in Conjurations
  6739 | D:6      | Found Osane's Assorted Antiques.
  7313 | D:6      | Found a blossoming altar of Fedhas.
  7331 | D:6      | Noticed an oklob plant
  7715 | D:7      | Gained mutation: You can fly continuously. [Avariel growth]
  7715 | D:7      | Reached XP level 9. HP: 47/47 MP: 0/24
  7817 | D:7      | Reached skill level 11 in Conjurations
  7825 | D:7      | Reached skill level 10 in Spellcasting
  7941 | D:7      | Found a radiant altar of Vehumet.
  7941 | D:7      | Found an ornate altar of the Wu Jian Council.
  8326 | D:7      | Found Zuluif's Gadget Shop.
  8548 | D:8      | Found a glowing silver altar of Zin.
  8697 | D:8      | Reached skill level 12 in Conjurations
  8903 | D:8      | Found a staircase to the Orcish Mines.
  9088 | D:8      | Found a sand-covered staircase.
  9119 | Ossuary  | Entered an ossuary
  9753 | Ossuary  | Noticed Menkaure
  9760 | Ossuary  | Killed Menkaure
 10150 | D:8      | Found a bloodstained altar of Trog.
 10158 | D:8      | Noticed a cyan ugly thing
 10165 | D:8      | Killed a cyan ugly thing
 10166 | D:8      | Reached skill level 13 in Conjurations
 10166 | D:8      | Reached XP level 10. HP: 52/52 MP: 6/27
 10322 | D:7      | Became a worshipper of Vehumet
 10487 | D:8      | Noticed an elephant
 10492 | D:8      | Killed an elephant
 10534 | D:8      | Found a staircase to the Lair.
 10599 | Lair:1   | Entered Level 1 of the Lair of Beasts
 10609 | Lair:1   | Noticed Erica
 10615 | Lair:1   | Slain by Erica

Skill      XL: |  1  2  3  4  5  6  7  8  9 10 |
---------------+-------------------------------+-----
Conjurations   | 6 7 8 9 10 13 | 13.6
Spellcasting   | 3 4 5 7 9 11 12 | 12.2
Fighting       | 1 |  1.3
Dodging        | 3 |  3.1
Stealth        | |  2.1

Action                   |  1- 3 |  4- 6 |  7- 9 | 10-12 || total
-------------------------+-------+-------+-------+-------++-------
Melee: Unarmed           |     1 |     1 |       |       ||     2
 Cast: Magic Dart        |    70 |    86 |       |       ||   156
       Iskenderun's Myst |    15 |    15 |   192 |    20 ||   242
       Searing Ray       |       |     3 |     2 |       ||     5
  Use: Scroll            |       |     9 |     4 |       ||    13
  Eat: Chunk             |     4 |     9 |    16 |     1 ||    30
       Ration            |     1 |       |     2 |       ||     3
Armor: Robe              |     5 |     2 |     2 |     3 ||    12
Dodge: Dodged            |    10 |    10 |    19 |     4 ||    43
